 Dungeon Crawl Stone Soup version 0.22.1-1-ga44c0e56f4 (webtiles) character file.

228 Reeggar the Ruffian (level 5, -2/42 HPs)
             Began as a Demonspawn Berserker on Oct 20, 2018.
             Was a Believer of Trog.
             Shot with an arrow by a centaur (8 damage)
             ... on level 4 of the Dungeon.
             The game lasted 00:15:09 (2648 turns).

Reeggar the Ruffian (Demonspawn Berserker)          Turns: 2648, Time: 00:15:09

Health: -2/42      AC:  4    Str: 24    XL:     5   Next: 70%
Magic:  5/5        EV: 13    Int: 12    God:    Trog [**....]
Gold:   146        SH:  0    Dex: 12    Spells: 4/4 levels left

rFire    . . .     SeeInvis .     - Unarmed
rCold    . . .     Gourm    .   (no shield)
rNeg     . . .     Faith    .   a - +0 animal skin
rPois    .         Spirit   .   (helmet restricted)
rElec    .         Reflect  .   (no cloak)
rCorr    .         Harm     .   (no gloves)
MR       .....                  (no boots)
Stlth    ++........             (no amulet)
HPRegen  0.14/turn              s - +4 ring of intelligence
MPRegen  0.09/turn              (no ring)

@: mighty
A: horns 1, thin metallic scales 1, powered by pain 1, rot immunity
a: Berserk, Trog's Hand, Renounce Religion


You were on level 4 of the Dungeon.
You worshipped Trog.
Trog was pleased with you.
You were not hungry.

You visited 1 branch of the dungeon, and saw 4 of its levels.

You collected 146 gold pieces.

Inventory:

Hand Weapons
 d - a +0 hunting sling
Missiles
 k - 47 stones (quivered)
 m - 3 javelins
Armour
 a - a +0 animal skin (worn)
 c - a +0 pair of gloves
 g - a +0 robe
Jewellery
 s - a +4 ring of intelligence (left hand)
Scrolls
 h - 3 scrolls of identify
 i - 2 scrolls of magic mapping {unknown}
 j - 2 scrolls of remove curse {unknown}
 l - a scroll of teleportation {unknown}
 p - a scroll of blinking {unknown}
 r - a scroll of enchant weapon {unknown}
Potions
 f - a potion of haste {unknown}
 n - a potion of curing {unknown}
 o - a potion of agility {unknown}
 q - a potion of brilliance {unknown}
Comestibles
 b - 11 rations
 t - 2 chunks of flesh


   Skills:
 + Level 3.8 Fighting
 + Level 1.9 Armour
 + Level 3.0 Dodging
 + Level 1.3 Stealth
 + Level 4.4 Unarmed Combat


You had 4 spell levels left.
You didn't know any spells.
Your spell library was empty.

Dungeon Overview and Level Annotations

Branches:
Dungeon (4/15)
 Temple: D:4-7

Altars:
Fedhas


Innate Abilities, Weirdness & Mutations

You have a pair of small horns on your head.
You are partially covered in thin metallic scales. (AC +2)
You sometimes gain a little power by taking damage.
You are immune to rotting.


Message History

A centaur comes into view.
The centaur shouts!
The centaur wields a shortbow.
The centaur shoots an arrow.
The arrow barely misses you.
You see here an arrow.
The centaur shoots an arrow.
The arrow misses you.
The centaur shoots an arrow.
The arrow hits you!
You see here 2 arrows.
The centaur shoots an arrow.
The arrow hits you.
You see here an arrow.
The centaur shoots an arrow.
The arrow hits you!
* * * LOW HITPOINT WARNING * * *
You focus on the pain.
You feel very mighty all of a sudden.
Found 9 gold pieces.
You see here an arrow.
The centaur shoots an arrow.
The arrow hits you.
* * * LOW HITPOINT WARNING * * *
The centaur shoots an arrow.
The arrow hits you!
You die...

######################
.....................#
.###################.######
.# #.......#
.##################(.PP...#
................@(((PPPP....
..................#.PP_P #+.
.................##.PcP.P
.......>.........+..PPP.P .
......#..........#.... . ..
......#..........#...##
######..
......#..........#...#
#......
.#.#...........$.+....
....... .#'#...... ....
.......


You could see a centaur.

Vanquished Creatures
  An ogre (D:4)
  A worker ant (D:4)
  6 adders
  An adder skeleton (D:4)
  A worm (D:2)
  2 dart slugs
  3 leopard geckos
  An orc (D:3)
  A ball python (D:3)
  5 giant cockroaches
  2 goblins
  7 hobgoblins
  5 jackals
  2 quokkas
  9 bats
  6 frilled lizards
  2 kobolds
  2 leopard gecko skeletons (D:4)
  6 rats
63 creatures vanquished.

Notes
Turn   | Place    | Note
-------+----------+-------------------------------------------
     0 | D:1      | Reeggar the Demonspawn Berserker began the quest for the
                  | Orb.
     0 | D:1      | Reached XP level 1. HP: 18/18 MP: 1/1
   259 | D:1      | Gained mutation: You sometimes gain a little power by
                  | taking damage. [demonic ancestry]
   259 | D:1      | Reached XP level 2. HP: 24/24 MP: 2/2
   261 | D:1      | Reached skill level 3 in Unarmed Combat
   647 | D:1      | Reached ** piety under Trog
   867 | D:2      | Gained mutation: You have a pair of small horns on your
                  | head. [demonic ancestry]
   867 | D:2      | Reached XP level 3. HP: 26/29 MP: 3/3
  1371 | D:3      | Gained mutation: You are immune to rotting. [demonic
                  | ancestry]
  1371 | D:3      | Reached XP level 4. HP: 30/36 MP: 4/4
  2330 | D:4      | Reached skill level 1 in Stealth
  2330 | D:4      | Reached skill level 4 in Unarmed Combat
  2330 | D:4      | Gained mutation: You are partially covered in thin metallic
                  | scales. (AC +2) [demonic ancestry]
  2330 | D:4      | Reached XP level 5. HP: 33/42 MP: 5/5
  2465 | D:4      | Noticed an ogre
  2473 | D:4      | Killed an ogre
  2642 | D:4      | Found a blossoming altar of Fedhas.
  2644 | D:4      | Noticed a centaur
  2648 | D:4      | Shot with an arrow by a centaur

Skill      XL: |  1  2  3  4  5 |
---------------+----------------+-----
Unarmed Combat | 3 4 |  4.4
Dodging        | 2 3 |  3.0
Stealth        | 1 |  1.3
Fighting       | |  3.8
Armour         | |  1.9

Action                   |  1- 3 |  4- 6 || total
-------------------------+-------+-------++-------
Melee: Unarmed           |   135 |    76 ||   211
       Headbutt          |    10 |    11 ||    21
       Punch             |       |     1 ||     1
Invok: Berserk           |     1 |     2 ||     3
       Trog's Hand       |       |     2 ||     2
  Use: Scroll            |     1 |     1 ||     2
 Stab: Sleeping          |     1 |     1 ||     2
  Eat: Chunk             |     2 |     4 ||     6
       Ration            |       |     1 ||     1
Armor: Animal skin       |    85 |     8 ||    93
Dodge: Dodged            |   189 |    36 ||   225
